cohdb
Replays
Latest Replays
All Replays
Popular Replays
Top Player Replays
Match Explorer
How It Works
Community
CoH3 Stats
Reddit
Sign in to upload your games and track your stats! →
Sign in with Steam
Match 42977907
Unlisted
Match 42977907
Overview
Messages
Build Orders
End
Royal Engineer Section
Royal Engineer Section
Royal Engineer Section
Selects Heavy Armor Battlegroup
Selects Heavy Armor Battlegroup
Vickers Machine Gun Team
Vickers Machine Gun Team
Construct Section Command Post
Vickers Machine Gun Team
Construct Section Command Post
Construct Platoon Command Post
Royal Engineer Section
Construct Company Command Post
Selects Light Vehicle Withdraw and Refit
Selects UNKNOWN (202330)
Selects Engineer Detachments
Crusader AA Medium Tank
Royal Engineer Section
Crusader II Medium Tank
Foot Guards Section
Construct Field Infirmary
Crusader II Medium Tank
Selects Forward Repair Assembly
Crusader II Medium Tank
Foot Guards Section
Crusader II Medium Tank
ConcernedApe
Petrov
GeeNo
Cooter McGavin
0
0
Comments
sign in to comment!
No comments posted yet!